Map: Ruins of Seras

Players

ILLBdA - Winner!

  • Race: Protoss Protoss
  • League: Diamond

A.I. 1 (Very Easy)

  • Race: Protoss Protoss

VOD

Have the link to the VOD?

Description

Time

  • Played on: Dec. 29, 2015, 8:53 p.m.
  • Length: 3:56
Show
View Real Time Build Order
Export as new Build Order

ILLBdA Protoss - Winner!

Build Orders: Cannon Rush 

Get SALT Encoding   

  12  0:01  Probe (Chrono Boost)  
  13  0:11  Probe (Chrono Boost)  
  14  0:20  Pylon  
  14  0:23  Probe (Chrono Boost)  
  15  0:38  Probe (Chrono Boost)  
  16  0:49  Probe (Chrono Boost)  
  17  0:51  Forge  
  17  0:58  Pylon  
  17  1:00  Probe (Chrono Boost)  
  18  1:26  Photon Cannon  
  18  1:29  Pylon  
  18  1:37  Photon Cannon  
  18  1:38  Pylon  
  18  1:41  Photon Cannon  
  18  1:50  Photon Cannon  
  18  1:55  Photon Cannon  
  17  2:05  Photon Cannon  
  17  2:20  Pylon  
  17  2:40  Photon Cannon x2  
  17  2:42  Photon Cannon  
  17  2:45  Photon Cannon  
  17  3:00  Photon Cannon  
  17  3:13  Pylon  
  17  3:33  Photon Cannon  
  17  3:35  Photon Cannon x2  
  17  3:46  Photon Cannon  
  17  3:52  Photon Cannon  
Show
View Real Time Build Order
Export as new Build Order

A.I. 1 (Very Easy) Protoss 

Build Orders:  

Get SALT Encoding   

  12  0:01  Probe (Chrono Boost)  
  13  0:11  Probe (Chrono Boost)  
  14  0:21  Pylon  
  14  0:36  Assimilator  
  14  0:43  Gateway  
  14  0:46  Pylon  
  14  1:26  Assimilator  
  14  1:28  Zealot  
  14  1:30  Probe (Chrono Boost)  
  17  1:41  Probe (Chrono Boost)  
  17  1:44  Cybernetics Core  
  18  1:52  Probe (Chrono Boost)  
  19  1:57  Zealot  
  18  2:03  Probe (Chrono Boost)  
  15  2:14  Probe (Chrono Boost)  
  3  2:25  Probe (Chrono Boost)  
  1  2:36  Probe (Chrono Boost)  
Tags
 
League
Diamond
Matchup
PvP
Replay Pack
me
Add a new tag
Caveats
  • Supply blocks, unpowered buildings, or Contaminate may cause inaccurate times.
  • Supply counts are checked every 10 seconds.